 Dungeon Crawl Stone Soup version 0.23-a0-54-gae6112e (webtiles) character file.

63 Amnesiac the Magician (level 3, 0/24 HPs)
             Began as a Mummy Conjurer on Aug 8, 2018.
             Slain by a gnoll (8 damage)
             ... on level 2 of the Dungeon.
             The game lasted 00:02:15 (992 turns).

Amnesiac the Magician (Mummy Conjurer)               Turns: 992, Time: 00:02:16

Health: 0/24       AC:  2    Str: 11    XL:     3   Next: 87%
Magic:  2/8        EV: 12    Int: 15    God:
Gold:   21         SH:  0    Dex: 12    Spells: 7/10 levels left

rFire    x . .     SeeInvis .   f - +0 whip
rCold    + . .     Gourm    .   (no shield)
rNeg     + + +     Faith    .   a - +0 robe
rPois    ∞         Spirit   .   (no helmet)
rElec    .         Reflect  .   (no cloak)
rCorr    .         Harm     .   (no gloves)
MR       .....                  (no boots)
Stlth    ++........             (no amulet)
HPRegen  0.08/turn              (no ring)
MPRegen  0.11/turn              (no ring)

@: no status effects
A: no food or potions, fire vulnerability, cold resistance 1, negative energy
resistance 3, torment resistance, unbreathing
a: no special abilities


You were on level 2 of the Dungeon.
You were not hungry.

You visited 1 branch of the dungeon, and saw 3 of its levels.

You collected 21 gold pieces.

Inventory:

Hand Weapons
 f - a +0 whip (weapon)
Missiles
 c - 8 javelins of penetration (quivered)
Armour
 a - a +0 robe (worn)
Jewellery
 b - a +2 ring of dexterity {unknown}
Scrolls
 d - a scroll of enchant weapon {!r, unknown}
 e - a scroll of identify {!r, unknown}


   Skills:
 - Level 1.5 Dodging
 - Level 1.5 Stealth
 + Level 4.0 Spellcasting
 * Level 4.0 Conjurations


You had 7 spell levels left.
You knew the following spells:

 Your Spells              Type           Power        Failure   Level  Hunger
a - Magic Dart            Conj           ###.         3%          1    N/A
d - Searing Ray           Conj           ###...       4%          2    N/A

Your spell library contained the following spells:

 Spells                   Type           Power        Failure   Level  Hunger
 Iskenderun's Mystic Bla  Conj           ###.....     32%         4    N/A
 Fulminant Prism          Conj/Hex       #.........   61%         4    N/A
 Dazzling Spray           Conj/Hex       #.....       24%         3    N/A
 Force Lance              Conj/Tloc      #.......     61%         4    N/A

Dungeon Overview and Level Annotations

Branches:
Dungeon (3/15)

Altars:


Innate Abilities, Weirdness & Mutations

You do not eat or drink.
Your flesh is vulnerable to fire.
You are immune to poison.
Your flesh is cold resistant. (rC+)
You are immune to negative energy. (rN+++)
You are immune to unholy pain and torment.
You can survive without breathing.


Message History

The gnoll barely misses you.
The searing ray hits the gnoll.
You kill the gnoll!
Your Spellcasting skill increases to level 4!
Your Conjurations skill increases to level 4!
Unknown command.
Things that are here:
a halberd; a gnoll corpse
There is a stone staircase leading down here.
You start resting.
Magic restored.
You start resting.
Magic restored.
You climb downwards.
The orc throws a tomahawk.
The tomahawk closely misses you.
There is a stone staircase leading up here.
You see here a tomahawk.
Casting: Searing Ray (safe; 5% risk of failure)
Confirm with . or Enter, or press ? or * to list all spells.
Aiming: Searing Ray (safe; 5% risk of failure)
Press: ? - help, Shift-Dir - straight line, f - orc priest
Aim: an orc priest, wearing a scale mail The searing ray hits the orc. (Press . to maintain the ray.)
The orc hits you but does no damage.
The searing ray hits the orc.
The orc is heavily wounded.
The orc hits you with a hand axe.
The searing ray hits the orc.
The orc is heavily wounded.
The searing ray hits the orc priest.
The orc priest is moderately wounded.
You finish channeling your searing ray.
The orc hits you with a hand axe.
Casting: Searing Ray (safe; 5% risk of failure)
Confirm with . or Enter, or press ? or * to list all spells.
Aiming: Searing Ray (safe; 5% risk of failure)
Press: ? - help, Shift-Dir - straight line, f/p - orc priest
Aim: an orc priest, wearing a scale mail (moderately wounded)
Okay, then.
There is a stone staircase leading up here.
The orc hits you but does no damage.
You climb upwards.
A gnoll comes into view.
There is a stone staircase leading down here.
Casting: Searing Ray (safe; 5% risk of failure)
Confirm with . or Enter, or press ? or * to list all spells.
Aiming: Searing Ray (safe; 5% risk of failure)
Press: ? - help, Shift-Dir - straight line, f - orc
Aim: an orc, wielding a hand axe and wearing a chain mail (heavily wounded)
The searing ray misses the orc. (Press . to maintain the ray.)
The orc barely misses you.
The searing ray hits the orc.
The orc is almost dead.
The orc hits you with a hand axe.
* * * LOW HITPOINT WARNING * * *
The searing ray hits the orc.
You kill the orc!
Without enough magic to sustain it, your searing ray dissipates.
The gnoll hits you.
* * * LOW HITPOINT WARNING * * *
You see here 3 stones.
The gnoll hits you!
You die...

#.. ##... .. ....
....##.#
....##...#..#
........##.#
........##)########
#.#..).....÷......#
#.##.%.$..........#
..##..............#
.##.............@.#
##.......(.(....g.#
##.#..)>....#######
............#
............#
.......%....#
....######### #####


You could see a gnoll.

Vanquished Creatures
  2 gnolls (D:2)
  2 adders
  A worm (D:2)
  2 orcs (D:2)
  2 bats
  3 goblins
  4 hobgoblins
  3 kobolds
  3 frilled lizards
  A rat (D:2)
23 creatures vanquished.

Notes
Turn   | Place    | Note
-------+----------+-------------------------------------------
     0 | D:1      | Amnesiac the Mummy Conjurer began the quest for the Orb.
     0 | D:1      | Reached XP level 1. HP: 13/13 MP: 4/4
    41 | D:1      | Reached XP level 2. HP: 2/19 MP: 1/6
    50 | D:1      | Learned a level 2 spell: Searing Ray
   352 | D:3      | Reached XP level 3. HP: 24/24 MP: 1/8
   992 | D:2      | Slain by a gnoll

Vault maps used:
D:1:      lightli_arrival_statuegarden
D:2:      first_ration
D:3:      kennysheep_generic_room_15

Skill      XL: |  1  2  3 |
---------------+----------+-----
Spellcasting   | 3 4 |  4.0
Conjurations   | 4 |  4.0
Dodging        | |  1.5
Stealth        | |  1.5

Action                   || total
-------------------------++-------
Melee: Whip              ||     3
Throw: Javelin           ||     7
 Cast: Magic Dart        ||    27
       Searing Ray       ||     7
Armor: Robe              ||     6
Dodge: Dodged            ||    26

Table legend:
 A = Spawn XP
 B = Non-spawn XP
 C = Spawn XP percentage of total XP
 D = Spawn monster count
 E = Non-spawn monster count
 F = Spawn count percentage of total count
 G = Total turns spent on level
                    A         B        C        D         E        F      G
               +---------+---------+-------+---------+---------+-------+---------
         Total |       0 |      90 |   0.0 |       0 |      23 |   0.0 |   992
               +---------+---------+-------+---------+---------+-------+---------
           D:1 |       0 |      25 |   0.0 |       0 |       8 |   0.0 |   445
           D:2 |       0 |      49 |   0.0 |       0 |      12 |   0.0 |   454
           D:3 |       0 |      16 |   0.0 |       0 |       3 |   0.0 |    93
               +---------+---------+-------+---------+---------+-------+---------
